 Dungeon Crawl Stone Soup version 0.21-a0-426-g98080a9 (webtiles) character file.

49021 KristoblXynda the Blocker (level 14, -9/113 HPs)
             Began as a Pale Draconian Fighter on Nov 7, 2017.
             Was the Champion of Cheibriados.
             Killed from afar by a spiny frog (29 damage)
             ... with an exploding inner flame
             ... hexed by the player character
             ... on level 6 of the Lair of Beasts.
             The game lasted 00:38:44 (19103 turns).

KristoblXynda the Blocker (Pale Draconian Fighter) Turns: 19103, Time: 00:38:45

Health: -9/113     AC: 13    Str: 40    XL:     14   Next: 14%
Magic:  0/21       EV: 21    Int: 28    God:    Cheibriados [******]
Gold:   971        SH: 18    Dex: 25    Spells: 7/13 levels left

rFire    . . .     SeeInvis .   e - +7 Screaming Sword
rCold    + . .     Gourm    .   b - +1 shield
rNeg     + . .     Faith    .   (armour unavailable)
rPois    .         Spirit   +   I - +2 hat of the Bear Spirit {Spirit, +Rage rN+ MR++}
rElec    .         Reflect  .   A - +2 cloak
rCorr    .         Harm     .   (no gloves)
MR       +++..                  (no boots)
Stlth    ++........             u - amulet of magic regeneration
HPRegen  0.28/turn              O - ring of protection from cold
MPRegen  0.42/turn              G - +5 ring of strength

@: very slow
A: breathe steam, unfitting armour, cold-blooded, AC +8
a: Breathe Steam, Bend Time, Temporal Distortion, Slouch, Step From Time,
Renounce Religion, Evoke Berserk Rage


You were on level 6 of the Lair of Beasts.
You worshipped Cheibriados.
Cheibriados was exalted by your worship.
You were not hungry.

You visited 3 branches of the dungeon, and saw 19 of its levels.
You also visited: Labyrinth.

You collected 971 gold pieces.

Inventory:

Hand Weapons
 a - a +4 scimitar
 e - the +7 Screaming Sword (weapon)
   (You found it on level 5 of the Dungeon)
 K - the +8 whip "Snakebite" {curare, rPois}
   (You found it on level 5 of the Lair of Beasts)

   It poisons the flesh of those it strikes.
   It protects you from poison.
Armour
 b - a +1 shield (worn)
 A - a +2 cloak (worn)
 I - the +2 hat of the Bear Spirit (worn) {Spirit, +Rage rN+ MR++}
   (You found it in a labyrinth)

   It protects you from negative energy.
   It affects your resistance to hostile enchantments.
   It lets you go berserk.
 N - a +1 hat of magic resistance
Jewellery
 u - an amulet of magic regeneration (around neck)
 v - an uncursed ring of see invisible
 y - a +1 ring of evasion
 G - a +5 ring of strength (right hand)
 M - an uncursed ring of resist corrosion
 O - a ring of protection from cold (left hand)
Wands
 t - a wand of paralysis (13/24)
 S - a wand of acid (4/15)
 T - a wand of digging (12/24)
Scrolls
 h - 3 scrolls of blinking
 j - 3 scrolls of teleportation
 k - 9 scrolls of remove curse
 m - 2 scrolls of amnesia
 n - 3 scrolls of recharging
 q - a scroll of identify
 s - 4 scrolls of fog
 z - 3 scrolls of fear
 L - a scroll of magic mapping
Potions
 c - 2 potions of might
 g - 8 potions of flight
 i - 2 potions of cancellation
 o - 3 potions of brilliance
 p - a potion of mutation
 w - 3 potions of resistance
 x - a potion of lignification
 C - 2 potions of agility
 E - 2 potions of invisibility
 F - 2 potions of curing
Books
 P - a book of Necromancy

   Spells                             Type                      Level
   a - Pain                           Necromancy                   1
   b - Animate Skeleton               Necromancy                   1
   c - Vampiric Draining              Necromancy                   3
   d - Regeneration                   Charms/Necromancy            3
   e - Animate Dead                   Necromancy                   4
   f - Control Undead                 Necromancy                   4
 Q - a book of Transfigurations

   Spells                             Type                      Level
   a - Irradiate                      Conjuration/Transmutation    5
   b - Statue Form                    Transmutation/Earth          6
   c - Hydra Form                     Transmutation                6
   d - Dragon Form                    Transmutation                7
 R - a book of Unlife

   Spells                             Type                      Level
   a - Recall                         Summoning/Translocation      3
   b - Animate Dead                   Necromancy                   4
   c - Control Undead                 Necromancy                   4
   d - Cigotuvi's Embrace             Necromancy                   5
   e - Death Channel                  Necromancy                   6
   f - Simulacrum                     Ice/Necromancy               6
Miscellaneous
 D - a box of beasts
 H - a lamp of fire
Comestibles
 d - 10 bread rations
 f - 5 meat rations
 l - 7 royal jellies
 r - 14 fruits


   Skills:
 - Level 7.1 Fighting
 + Level 13.1 Long Blades
 + Level 9.0 Dodging
 + Level 13.6 Shields
 - Level 10.1 Invocations
 + Level 9.0 Evocations


You had 7 spell levels left.
You knew the following spells:

 Your Spells              Type           Power        Failure   Level  Hunger
a - Statue Form           Tmut/Erth      #........    100%        6    #######


Dungeon Overview and Level Annotations

Branches:
Dungeon (12/15)            Temple (1/1) D:5            Lair (6/6) D:8
 Shoals (0/4) Lair:4        Snake (0/4) Lair:3          Orc (0/2) D:11
  Slime: Lair:5-6

Altars:
Ashenzari
Cheibriados
Dithmenos
Elyvilon
Fedhas
Gozag
Hepliaklqana
Kikubaaqudgha
Makhleb
Nemelex Xobeh
Okawaru
Qazlal
Ru
Sif Muna
Trog
Uskayaw
Vehumet
Wu Jian
Xom
Yredelemnul
Zin
The Shining One

Shops:
D:9 (

Annotations:
Lair:2 exclusion: 2 oklob plants
Lair:4 1 transporter


Innate Abilities, Weirdness & Mutations

You can breathe blasts of scalding, opaque steam.
Your pale cyan-grey scales are hard. (AC +8)
You cannot fit into any form of body armour.
You are cold-blooded and may be slowed by cold attacks.


Message History

The fiery explosion engulfs you!
The fiery explosion engulfs the crocodile.
The crocodile explodes!
The fiery explosion engulfs you!
Cheibriados thoroughly appreciates the change of pace. x2
The fiery explosion engulfs you!
Cheibriados thoroughly appreciates the change of pace. x2
Cheibriados appreciates the change of pace.
Cheibriados thoroughly appreciates the change of pace.
Your Evocations skill increases to level 9!
Cheibriados appreciates the change of pace.
Your Dodging skill increases to level 9!
Cheibriados appreciates the change of pace.
Cheibriados thoroughly appreciates the change of pace.
The fiery explosion engulfs you!
* * * LOW HITPOINT WARNING * * *
Cheibriados appreciates the change of pace.
Cheibriados thoroughly appreciates the change of pace.
The fiery explosion engulfs you!
You die...

..## .Y§.......
...P##..§......
..............)
.h?.F....F...
P.§§§§.....%
#§§§§......
##§§§§§.....
#.§§§§§...%.
#§§§@§§.....
##§§§§§.....
#.§§§§§§....#
....YD§§§§§.....
......§§§§......
...F........§...
........%....#..
....#.%.F.......
...............


You could see a six-headed hydra (inner flame), a yak (inner flame), 4 blink
frogs and a wolf (inner flame).

Vanquished Creatures
  The ghost of Gorice the Protected, a journeyman DsWn of Yredelemnul (Lair:3)
  A minotaur (Lab)
  4 hydras
  A catoblepas (Lair:4)
  2 two-headed ogres
  6 death yaks
  Nergalle (Lair:1)
  3 swamp dragons (Lair:4)
  A manticore (D:11)
  Joseph (D:8)
  11 elephants
  5 black mambas
  4 rime drakes
  The ghost of PhazeDK the Covert, a novice SpEn of Ashenzari (D:7)
  8 spiny frogs
  6 komodo dragons
  A hornet (Lair:4)
  19 blink frogs
  2 slime creatures (D:7)
  7 dream sheep (Lair:4)
  6 hippogriffs
  2 redbacks (Lab)
  3 wyverns
  39 yaks
  2 basilisks
  2 hungry ghosts (D:11)
  3 steam dragons (D:6)
  A two-headed ogre zombie (D:11)
  16 water moccasins
  9 porcupines
  2 eyes of draining
  6 orc warriors
  A phantom (D:7)
  2 necrophages
  6 ogres
  12 centaurs
  11 wolves
  10 crocodiles
  3 big kobolds (D:7)
  A gnoll sergeant (D:6)
  18 bullfrogs
  8 scorpions
  3 troll zombies (D:11)
  13 killer bees
  9 wights
  2 electric eels (Lair:3)
  3 howler monkeys
  2 bullfrog zombies
  5 crimson imps
  7 jellies
  2 quasits
  2 centaur skeletons
  8 hounds
  2 bullfrog skeletons
  8 orc priests
  16 orc wizards
  6 iguanas
  11 worker ants
  A killer bee zombie (D:5)
  4 ogre zombies (D:11)
  2 hound skeletons
  A worker ant zombie (D:5)
  24 adders
  3 gnolls
  3 shadow imps
  11 oozes
  4 worms
  2 dart slugs
  8 leopard geckos
  61 orcs
  2 ball pythons
  2 giant cockroaches
  12 goblins
  8 hobgoblins
  11 jackals
  11 kobolds
  3 quokkas
  7 bats
  2 frilled lizards
  2 goblin skeletons (D:11)
  4 goblin zombies (D:11)
  A hobgoblin skeleton (D:11)
  4 hobgoblin zombies (D:11)
  A jackal zombie (D:6)
  2 orc skeletons (D:11)
  12 orc zombies (D:11)
  2 quokka skeletons
  5 rats
  A fungus (D:5)
  2 plants
565 creatures vanquished.

Vanquished Creatures (others)
  17 fungi
  26 plants
  11 toadstools (D:7)
54 creatures vanquished.

Grand Total: 619 creatures vanquished

Notes
Turn   | Place    | Note
-------+----------+-------------------------------------------
     0 | D:1      | KristoblXynda the Draconian Fighter began the quest for the Orb.
     0 | D:1      | Reached XP level 1. HP: 19/19 MP: 1/1
   373 | D:1      | Reached XP level 2. HP: 25/26 MP: 2/2
  1298 | D:2      | Reached XP level 3. HP: 30/31 MP: 3/3
  2192 | D:3      | Reached XP level 4. HP: 36/38 MP: 4/4
  2548 | D:3      | Found an ornate altar of the Wu Jian Council.
  2782 | D:3      | Found a stormy altar of Qazlal.
  3090 | D:4      | You fall through a shaft for 3 floors!
  3251 | D:7      | Reached XP level 5. HP: 45/45 MP: 5/5
  3273 | D:6      | Noticed an ogre
  3324 | D:5      | Entered Level 5 of the Dungeon
  3324 | D:5      | Found a staircase to the Ecumenical Temple.
  3345 | D:5      | Killed an ogre
  3345 | D:5      | Reached skill level 5 in Shields
  3345 | D:5      | Reached XP level 6. HP: 21/51 MP: 6/6
  3363 | Temple   | Entered the Ecumenical Temple
  3568 | Temple   | Became a worshipper of Cheibriados the Contemplative
  3626 | D:5      | Found a burning altar of Makhleb.
  3705 | D:5      | Reached skill level 5 in Long Blades
  3822 | D:5      | Reached skill level 1 in Invocations
  3867 | D:5      | Your scales start taking on a pale cyan-grey colour.
  3867 | D:5      | Reached XP level 7. HP: 37/57 MP: 6/8
  4124 | D:5      | Reached * piety under Cheibriados
  4509 | D:5      | Found the +7 Singing Sword
  4571 | D:5      | Found an iron altar of Okawaru.
  4767 | D:6      | Reached ** piety under Cheibriados
  5036 | D:4      | Reached XP level 8. HP: 60/63 MP: 10/10
  5369 | D:4      | Reached *** piety under Cheibriados
  5558 | D:4      | Found an opulent altar of Gozag.
  5981 | D:6      | Reached skill level 5 in Invocations
  6128 | D:6      | Reached XP level 9. HP: 61/70 MP: 13/13
  6360 | D:6      | Reached **** piety under Cheibriados
  6810 | D:7      | Noticed PhazeDK's ghost (novice SpEn)
  6828 | D:7      | Killed PhazeDK's ghost
  7075 | D:7      | Reached ***** piety under Cheibriados
  7690 | D:7      | Found a glowing golden altar of the Shining One.
  7690 | D:7      | Found a blossoming altar of Fedhas.
  8080 | D:8      | Noticed Joseph
  8091 | D:8      | Killed Joseph
  8091 | D:8      | Reached XP level 10. HP: 27/77 MP: 14/14
  8100 | D:8      | Reached skill level 5 in Dodging
  9136 | D:8      | Found a staircase to the Lair.
  9166 | Lair:1   | Entered Level 1 of the Lair of Beasts
  9263 | D:9      | Reached skill level 10 in Shields
  9303 | D:9      | Reached ****** piety under Cheibriados
  9400 | D:9      | Found Wifyagic's Antique Weapon Shoppe.
  9803 | D:9      | Reached skill level 10 in Long Blades
 10063 | D:9      | Noticed a two-headed ogre
 10071 | D:9      | Killed a two-headed ogre
 10071 | D:9      | Reached XP level 11. HP: 33/85 MP: 15/15
 10430 | D:10     | Entered Level 10 of the Dungeon
 10556 | D:10     | Noticed a two-headed ogre
 10561 | D:10     | Killed a two-headed ogre
 10830 | D:10     | Reached skill level 5 in Fighting
 11396 | D:11     | Found a staircase to the Orcish Mines.
 12291 | D:12     | Found a labyrinth entrance.
 12298 | Lab      | Entered a labyrinth
 12519 | Lab      | Noticed a minotaur
 12525 | Lab      | Killed a minotaur
 12535 | Lab      | Found the +2 hat of the Bear Spirit {Spirit, +Rage rN+ MR++}
 12835 | D:12     | Found a stormy altar of Qazlal.
 13117 | Lair:1   | Noticed Nergalle
 13132 | Lair:1   | Killed Nergalle
 13132 | Lair:1   | Reached skill level 1 in Evocations
 13190 | Lair:1   | Found a shadowy altar of Dithmenos.
 13481 | Lair:1   | Reached XP level 12. HP: 93/97 MP: 17/17
 13611 | Lair:1   | Noticed a seven-headed hydra
 13853 | Lair:1   | Killed a 12-headed hydra
 14614 | Lair:2   | Noticed a four-headed hydra
 14627 | Lair:2   | Killed a nine-headed hydra
 15428 | Lair:3   | Noticed an eight-headed hydra
 15436 | Lair:3   | Killed a 12-headed hydra
 15442 | Lair:3   | Reached skill level 5 in Evocations
 15460 | Lair:3   | Noticed Gorice's ghost (journeyman DsWn)
 15513 | Lair:3   | Killed Gorice's ghost
 15681 | Lair:3   | Found a staircase to the Snake Pit.
 16144 | Lair:3   | Reached XP level 13. HP: 96/105 MP: 19/19
 16462 | Lair:4   | Found a transporter.
 16506 | Lair:4   | Found a transporter.
 16985 | Lair:4   | Found a staircase to the Shoals.
 17136 | Lair:4   | Learned a level 6 spell: Statue Form
 17392 | Lair:4   | Reached skill level 10 in Invocations
 18640 | Lair:5   | Found the +8 whip "Snakebite" {curare, rPois}
 19082 | Lair:6   | Entered Level 6 of the Lair of Beasts
 19097 | Lair:6   | Reached XP level 14. HP: 97/113 MP: 19/21
 19103 | Lair:6   | Killed from afar by a spiny frog

Vault maps used:
D:1:      nzn_arrival_water_spiral
D:2:      first_bread
D:3:      lemuel_round_altar, grunt_ministairs_5,
          nicolae_qazlal_eye_of_the_storm
D:4:      nicolae_overflow_hidden_temple, st_stairs_11, mrwooster_statue_mirror
D:5:      old_forge, kennysheep_mini_moat, kennysheep_little_box,
          minmay_temple_entry_mist, kennysheep_small_square
D:6:      cheibrodos_steamvent, minmay_ogre_servants
D:7:      cheibrodos_fertilizer, minitemple
D:8:      david_lair_shrubbed, uniq_joseph
D:9:      serial_shops, nicolae_shop_behind_doors
D:11:     zombieorc2_lemuel
D:12:     basic_altar, lab_entry_generic, uniq_rupert
Temple:   regret_index_temple_generic_petals
Lair:1:   basic_altar, uniq_nergalle
Lair:2:   minmay_lair_oklob_chamber, lemuel_fruit_tree, grunt_megastairs_1
Lair:3:   dummy_snake_entry, lemuel_fruit_fields, grunt_megastairs_2
Lair:4:   gammafunk_cloud_chamber, minmay_shoals_entry_centaurs,
          hangedman_lair_generics_rect
Lair:5:   minmay_guarded_unrand_snakebite, small_statue_intersection,
          beast_lair_carwin_4
Lair:6:   grunt_lair_end_beastmaster, nicolae_slime_entry_slimehenge
Lab:      labyrinth_mini_lab, nicolae_lab_arrow, nicolae_lab_starburst

Skill      XL: |  1  2  3  4  5  6  7  8  9 10 11 12 13 14 |
---------------+-------------------------------------------+-----
Dodging        | 3 4 6 8 9 |  9.0
Long Blades    | 3 4 5 6 7 9 10 11 12 13 | 13.1
Shields        | 4 5 6 7 9 10 11 12 13 | 13.6
Invocations    | 1 3 5 6 9 10 | 10.1
Fighting       | 4 6 7 |  7.1
Evocations     | 2 6 8 9 |  9.0

Action                   |  1- 3 |  4- 6 |  7- 9 | 10-12 | 13-15 || total
-------------------------+-------+-------+-------+-------+-------++-------
Melee: Long sword        |   113 |   139 |    50 |       |       ||   302
       Tailslap          |    17 |    13 |    51 |   150 |    60 ||   291
       Double sword      |       |       |   206 |   511 |   220 ||   937
 Abil: Breathe Steam     |       |       |     4 |     9 |     1 ||    14
Evoke: Wand              |       |       |       |    11 |       ||    11
  Use: Potion            |       |     5 |     3 |     5 |     1 ||    14
       Scroll            |       |     2 |    14 |    13 |     7 ||    36
 Stab: Invisible         |       |     2 |       |       |       ||     2
       Sleeping          |       |       |     1 |     4 |     2 ||     7
       Distracted        |       |       |     1 |       |       ||     1
       Paralysed         |       |       |       |     1 |       ||     1
  Eat: Chunk             |     3 |     4 |     4 |    10 |     2 ||    23
       Royal jelly       |       |     2 |       |     1 |     1 ||     4
       Fruit             |       |       |     4 |     4 |     3 ||    11
Armor: Skin              |    16 |    40 |    76 |    94 |    45 ||   271
Dodge: Dodged            |    34 |    53 |   171 |   439 |   179 ||   876
Block: Shield            |    61 |    80 |   223 |   566 |   279 ||  1209
       Rpst.: Long sword |    16 |    23 |    21 |       |       ||    60
       Double sword      |       |       |    32 |    95 |    40 ||   167

Table legend:
 A = Spawn XP
 B = Non-spawn XP
 C = Spawn XP percentage of total XP
 D = Spawn monster count
 E = Non-spawn monster count
 F = Spawn count percentage of total count
 G = Total turns spent on level
                    A         B        C        D         E        F      G
               +---------+---------+-------+---------+---------+-------+---------
         Total |       0 |   70030 |   0.0 |       0 |     562 |   0.0 | 19103
               +---------+---------+-------+---------+---------+-------+---------
           D:1 |       0 |      23 |   0.0 |       0 |      12 |   0.0 |   769
           D:2 |       0 |      46 |   0.0 |       0 |      16 |   0.0 |  1128
           D:3 |       0 |      74 |   0.0 |       0 |      21 |   0.0 |  1166
           D:4 |       0 |     446 |   0.0 |       0 |      36 |   0.0 |   970
           D:5 |       0 |     964 |   0.0 |       0 |      39 |   0.0 |  1360
           D:6 |       0 |    1327 |   0.0 |       0 |      38 |   0.0 |  1141
           D:7 |       0 |    2260 |   0.0 |       0 |      39 |   0.0 |  1547
           D:8 |       0 |    2633 |   0.0 |       0 |      36 |   0.0 |   975
           D:9 |       0 |    3981 |   0.0 |       0 |      43 |   0.0 |  1201
          D:10 |       0 |    1878 |   0.0 |       0 |      25 |   0.0 |   962
          D:11 |       0 |    2445 |   0.0 |       0 |      53 |   0.0 |   937
          D:12 |       0 |    1263 |   0.0 |       0 |      14 |   0.0 |   269
        Lair:1 |       0 |    4253 |   0.0 |       0 |      16 |   0.0 |  1314
        Lair:2 |       0 |    4862 |   0.0 |       0 |      25 |   0.0 |  1107
        Lair:3 |       0 |   10349 |   0.0 |       0 |      34 |   0.0 |  1078
        Lair:4 |       0 |   12009 |   0.0 |       0 |      35 |   0.0 |  1279
        Lair:5 |       0 |   12679 |   0.0 |       0 |      47 |   0.0 |  1341
        Lair:6 |       0 |    6993 |   0.0 |       0 |      30 |   0.0 |    21
           Lab |       0 |    1545 |   0.0 |       0 |       3 |   0.0 |   306
               +---------+---------+-------+---------+---------+-------+---------
